 Dungeon Crawl Stone Soup version 0.29.1-15-g9cfb28693d (webtiles) character file.

Game seed: 11808221151575900135

28 Janerl the Covered (level 3, 0/24 HPs)
             Began as a Gargoyle Fighter on Apr 28, 2023.
             Slain by a gnoll
             ... wielding a +0 spear
              (3 damage)
             ... on level 2 of the Dungeon.
             The game lasted 00:05:20 (917 turns).

Janerl the Covered (Gargoyle Fighter)                Turns: 917, Time: 00:05:20

Health: 0/24       AC: 10    Str: 16 (19) XL:     3   Next: 14%
Magic:  3/3        EV: 13    Int:  6 (8)  God:
Gold:   35         SH:  4    Dex:  8 (11) Spells: 2/2 levels left

rFire   . . .      SeeInvis .   a - +0 flail
rCold   . . .      Faith    .   c - +0 buckler
rNeg    + . .      Spirit   .   b - +0 scale mail
rPois   ∞          Reflect  .   (no helmet)
rElec   +          Harm     .   (no cloak)
rCorr   .          Rampage  .   (no gloves)
Will    .....                   (no boots)
Stlth   ..........              (no amulet)
HPRegen 0.08/turn               g - +4 ring of evasion
MPRegen 0.08/turn               (no ring)

@: mighty
A: sickness immunity, AC +3, negative energy resistance 1, electricity
resistance, torment resistance 1, petrification resistance
a: no special abilities


You were on level 2 of the Dungeon.
You visited 1 branch of the dungeon, and saw 2 of its levels.

You collected 35 gold pieces.

Inventory:

Hand Weapons
 a - a +0 flail (weapon)
Armour
 b - a +0 scale mail (worn)
 c - a +0 buckler (worn)
Jewellery
 g - a +4 ring of evasion (left hand)
Scrolls
 e - 8 scrolls of identify {unknown}
 f - a scroll of magic mapping {unknown}
 h - a scroll of immolation {unknown}
 k - a scroll of silence {unknown}
 l - a scroll of teleportation {unknown}
Potions
 j - a potion of degeneration


   Skills:
 + Level 3.6 Fighting
 + Level 2.1 Maces & Flails
 + Level 0.1 Throwing
 + Level 3.8 Armour
 + Level 0.4 Dodging
 + Level 3.5 Shields


You had 2 spell levels left.
You didn't know any spells.
Your spell library was empty.

Dungeon Overview and Level Annotations

Branches:
Dungeon (2/15)

Altars:


Innate Abilities, Weirdness & Mutations

You are immune to sickness and miasma.
Your stone body is resilient. (AC +3)
You are immune to poison.
You resist negative energy. (rN+)
You are resistant to electric shocks. (rElec)
You are resistant to unholy torment.
You are immune to petrification.


Message History

The poisoned dart barely misses the gnoll.
Throw: dart (poison)
Press: ? - help, Q - select action Shift-Dir - straight line, f/p - gnoll
Aim: a gnoll, wielding a +0 spear (60% to hit)
You throw a poisoned dart. The poisoned dart hits the gnoll.
The gnoll closely misses you. The gnoll misses you.
The gnoll hits you but does no damage.
You barely miss the gnoll. The gnoll hits you with a +0 flail.
The gnoll misses you. The gnoll hits you with a +0 flail. The gnoll misses you.
You closely miss the gnoll. The gnoll hits you with a +0 flail.
You block the gnoll's attack.
You hit the gnoll.
The gnoll is heavily wounded.
The gnoll hits you with a +0 flail. The gnoll barely misses you.
The gnoll attacks as you move away! You block the gnoll's attack.
You hit the gnoll but do no damage.
The gnoll is heavily wounded.
The gnoll closely misses you. You block the gnoll's attack.
The gnoll hits you from afar with a +0 spear.
The gnoll closely misses you.
You hit the gnoll but do no damage.
The gnoll is heavily wounded.
The gnoll barely misses you. You block the gnoll's attack.
You barely miss the gnoll.
The gnoll is heavily wounded.
You block the gnoll's attack.
The gnoll hits you from afar with a +0 spear.
* * * LOW HITPOINT WARNING * * *
It was a potion of degeneration.
There was something very wrong with that liquid.
You feel weakened.
You feel dopey.
You feel clumsy. The gnoll misses you. The gnoll hits you but does no damage.
You feel very mighty all of a sudden. The gnoll hits you but does no damage.
You block the gnoll's attack.
You sock the gnoll!
You kill the gnoll!
The gnoll hits you but does no damage.
The gnoll hits you from afar with a +0 spear.
You die...

#........(..............
#.#.(..g.....#.#....
#.#.########.#.#....
#.#.# #......#.. #.#.#
#..#.#.#.# # #.#.#
#..#.#..).
#.##.#g#######..#.###.#
#.....)...............<
####.#@#........#.#####
#...#)#........#.###..
###...#.#........#......
#.....#.#........#.....#
#.#...#..........#......
#.#######...............
#.......#.........#.....
#...###.#...............
#...###+#.......####....


You could see a gnoll.

Vanquished Creatures
  2 gnolls (D:2)
  A ball python (D:1)
  A bat (D:1)
  2 endoplasms (D:1)
  A giant cockroach (D:1)
  A goblin (D:1)
  4 hobgoblins
  A quokka (D:1)
  A kobold (D:2)
  3 rats
17 creatures vanquished.

Vanquished Creatures (others)
  4 toadstools (D:1)
4 creatures vanquished.

Grand Total: 21 creatures vanquished

Notes
Turn   | Place    | Note
-------+----------+-------------------------------------------
     0 | D:1      | Janerl the Gargoyle Fighter began the quest for the Orb.
     0 | D:1      | Reached XP level 1. HP: 14/14 MP: 1/1
   351 | D:1      | Reached XP level 2. HP: 16/19 MP: 2/2
   885 | D:2      | Reached XP level 3. HP: 24/24 MP: 3/3
   917 | D:2      | Slain by a gnoll

Illustrated notes

Levels and vault maps discovered:
D:1:      ldierk_walled_garden_2, layout_rooms
D:2:      layout_basic, uniq_jessica

Action                   || total
-------------------------++-------
Melee: Flail             ||    74
Throw: Dart              ||     8
  Use: Potion            ||     2
Armor: Scale mail        ||    48
Dodge: Dodged            ||    57
Block: Buckler           ||    19
